 Dungeon Crawl Stone Soup version 0.31-a0-210-gccc998df9b (webtiles) character file.

Game seed: 274533413150947842

37 qw the Shooter (level 3, 0/29 HPs)
             Began as a Minotaur Hexslinger on June 29, 2023.
             Succumbed to an adder's poison
             ... on level 2 of the Dungeon.
             The game lasted 00:00:21 (1041 turns).

qw the Shooter (Minotaur Hexslinger)                Turns: 1041, Time: 00:00:21

Health: 0/29       AC:  3    Str: 12    XL:     3   Next: 23%
Magic:  3/3        EV: 27    Int: 10    God:
Gold:   35         SH:  0    Dex: 14    Spells: 3/4 levels left

rFire   . . .        Y - +0 arbalest
rCold   . . .        (shield currently unavailable)
rNeg    . . .        d - +0 leather armour
rPois   .            (helmet restricted)
rElec   .            (no cloak)
rCorr   .            (no gloves)
SInv    .            (no boots)
Will    .....        a - amulet of the acrobat
Stlth   +            (no ring)
HPRegen 0.24/turn    (no ring)
MPRegen 0.08/turn

%: acrobat
@: lethally poisoned (0 -> -2), acrobatic
A: horns 2, retaliatory headbutt
a: no special abilities


You were on level 2 of the Dungeon.
You visited 1 branch of the dungeon, and saw 2 of its levels.

You collected 35 gold pieces.


Innate Abilities, Weirdness & Mutations

You have a pair of horns on your head.
You reflexively headbutt those who attack you in melee.


   Skills:
 - Level 2.0 Fighting
 + Level 3.8 Ranged Weapons
 - Level 2.1 Dodging
 - Level 1.0 Spellcasting
 - Level 2.0 Hexes


You had 3 spell levels left.
You knew the following spells:

 Your Spells              Type           Power      Damage    Failure   Level
a - Slow                  Hex            16%        N/A       19%         1

Your spell library contained the following spells:

 Spells                   Type           Power      Damage    Failure   Level
 Inner Flame              Hex/Fire       2%         N/A       65%         3
 Portal Projectile        Hex/Tloc       4%         N/A       65%         3
 Cause Fear               Hex            2%         N/A       88%         4

Inventory:

Hand Weapons
 Y - a +0 arbalest (weapon)
Armour
 d - a +0 leather armour (worn)
Jewellery
 a - an amulet of the acrobat (around neck)
Potions
 b - a potion of curing {unknown}
 c - a potion of cancellation {unknown}

Dungeon Overview and Level Annotations

Branches:
Dungeon (2/15)

Altars:
Elyvilon


Message History

Enter note: An adder comes into view.
The adder hisses angrily.
You hear a shout!
Enter note: You shoot a bolt.
The bolt closely misses the adder.
A hobgoblin comes into view.
The hobgoblin moves out of view.
You shoot a bolt. The bolt hits the adder.
The adder is severely wounded.
The adder bites you. The adder bites you but does no damage.
You shoot a bolt. The bolt closely misses the adder.
The adder bites you. x2
You are poisoned.
The adder poisons you!
You shoot a bolt. The bolt closely misses the adder.
You feel sick. The adder misses you. The adder bites you. x2
You shoot a bolt. The bolt barely misses the adder.
You feel sick. The adder bites you.
You are more poisoned.
The adder poisons you! The hobgoblin hits you. The adder barely misses you.
The hobgoblin closely misses you. You furiously retaliate!
You headbutt the hobgoblin. You shoot a bolt. The bolt misses the adder.
You feel very sick. The adder barely misses you. You furiously retaliate!
You headbutt the adder.
You kill the adder!
The hobgoblin closely misses you.
You have reached level 3!
Your experience leads to an increase in your attributes!
Increase (S)trength, (I)ntelligence, or (D)exterity?
You feel agile. x2
You shoot a bolt. The bolt hits the hobgoblin.
You kill the hobgoblin!
You feel sick.
There is a lethal amount of poison in your body!
You feel sick.
There is a lethal amount of poison in your body!
You feel sick.
There is a lethal amount of poison in your body!
You die...

#.......#
........#
####...## ..
#...#
###########.#
....#
#....|......#
.#..#
#...%.#.....###
..#
#.....#........
#..$%..........
#.%@#........
#..#.........$
.... ###........
.... #........
...######........
.. #.............
. #.####........
#........ #
#.###.###


There were no monsters in sight!

Vanquished Creatures
  An adder (D:2)
  A worm (D:2)
  2 dart slugs
  4 bats
  2 endoplasms
  3 giant cockroaches (D:2)
  A goblin (D:2)
  2 hobgoblins
  A quokka (D:1)
  A ball python (D:2)
  A frilled lizard (D:2)
  A rat (D:1)
20 creatures vanquished.

Notes
Turn   | Place    | Note
-------+----------+-------------------------------------------
     0 | D:1      | qw the Minotaur Hexslinger began the quest for the Orb.
     0 | D:1      | Reached XP level 1. HP: 16/16 MP: 1/1
     0 | D:1      | 0 ||| qw: Version: 0.3-a-24-ga2abf7b
     0 | D:1      | 0 ||| qw: Game counter: 7025
     0 | D:1      | 0 ||| qw: Melee chars always use a shield: true
     0 | D:1      | 0 ||| qw: God list: Okawaru
     0 | D:1      | 0 ||| qw: Allow faded altars: false
     0 | D:1      | 0 ||| qw: Do Orc after clearing Dungeon:15 true
     0 | D:1      | 0 ||| qw: Do second Lair branch before Depths: true
     0 | D:1      | 0 ||| qw: Lair rune preference: random
     0 | D:1      | 0 ||| qw: Goals: Normal
     0 | D:1      | 0 ||| PLANNING D:1-11
   168 | D:1      | You fall into a shaft and drop 1 floor!
   256 | D:2      | Reached skill level 3 in Ranged Weapons
   256 | D:2      | Reached XP level 2. HP: 23/23 MP: 2/2
   325 | D:2      | 325 ||| SWAPPING to +0 arbalest.
   326 | D:2      | 326 ||| DROPPING +1 sling.
   347 | D:2      | Found a white marble altar of Elyvilon.
   354 | D:2      | 354 ||| UPGRADING to +0 leather armour.
   364 | D:2      | 364 ||| DROPPING +0 robe.
   365 | D:2      | 365 ||| READING scroll labelled ERRYKL DAEHOST.
   366 | D:2      | 366 ||| READING scroll labelled DONOYCVIU.
   367 | D:2      | 367 ||| READING scroll labelled LOCIUN DEAME.
   368 | D:2      | 368 ||| DRINKING 2 sapphire potions.
   472 | D:2      | 472 ||| DROPPING scroll of poison.
   473 | D:2      | 473 ||| DROPPING potion of berserk rage.
   964 | D:1      | 964 ||| UPGRADING to amulet of the acrobat.
  1036 | D:2      | HP: 5/24 [hobgoblin (3)]
  1037 | D:2      | HP: 2/24 [poisoned by an adder]
  1038 | D:2      | Reached XP level 3. HP: 3/29 MP: 3/3
  1041 | D:2      | Succumbed to an adder's poison

Levels and vault maps discovered:
D:1:      evilmike_arrival_rings, layout_basic
D:2:      layout_rooms, chequers_ecumenical_altar_grove, basic_altar

Skill      XL: |  1  2 |
---------------+-------+-----
Ranged Weapons | 3 |  3.8
Fighting       | 2 |  2.0
Dodging        | |  2.1
Spellcasting   | |  1.0
Hexes          | |  2.0

Action                     || total
---------------------------++-------
   Fire: Sling             ||    36
         Arbalest          ||    30
    Use: Scroll            ||     3
         Potion            ||     1
 Armour: Robe              ||     4
         Leather armour    ||     3
  Dodge: Dodged            ||    22

Table legend:
 A = Non-vault XP
 B = Vault XP
 C = Vault XP percentage of total XP
 D = Non-vault monster count
 E = Vault monster count
 F = Vault count percentage of total count
                 A         B        C        D         E       F
            +---------+---------+-------+---------+---------+-------
      Total |      54 |       0 |   0.0 |      20 |       0 |   0.0
            +---------+---------+-------+---------+---------+-------
        D:1 |      12 |       0 |   0.0 |       6 |       0 |   0.0
        D:2 |      42 |       0 |   0.0 |      14 |       0 |   0.0
            +---------+---------+-------+---------+---------+-------
